 Dungeon Crawl Stone Soup version 0.29-a0-857-g9b1aa3ac5b (webtiles) character file.

Game seed: 10223490739324306148

9059 reriks the Covert (level 11, -13/72 HPs)
             Began as a Kobold Hunter on July 16, 2022.
             Was a High Priest of Okawaru.
             Mangled by a komodo dragon (20 damage)
             ... on level 1 of the Lair of Beasts.
             The game lasted 00:21:21 (16459 turns).

reriks the Covert (Kobold Hunter)                  Turns: 16459, Time: 00:21:21

Health: -13/72     AC: 10    Str: 12    XL:     11   Next: 67%
Magic:  11/11      EV: 21    Int: 11    God:    Okawaru [*****.]
Gold:   729        SH:  5    Dex: 19    Spells: 10/10 levels left

rFire   . . .      SeeInvis .   N - +0 triple crossbow (vorpal)
rCold   + + .      Faith    .   (shield currently unavailable)
rNeg    . . .      Spirit   .   y - +1 steam dragon scales
rPois   .          Reflect  +   (helmet restricted)
rElec   .          Harm     .   (no cloak)
rCorr   .          Rampage  .   (no gloves)
Will    .....                   d - +2 pair of boots
Stlth   ++++++....              u - amulet of reflection
HPRegen 0.22/turn               l - ring of protection from cold
MPRegen 0.12/turn               A - ring of protection from cold

@: unable to drink
A: small, no large weapons, nightstalker 3, horns 1, inability to drink while
threatened 1, MP-powered wands
a: Renounce Religion, Heroism, Finesse, Duel


You were on level 1 of the Lair of Beasts.
You worshipped Okawaru.
Okawaru was extremely pleased with you.
You visited 3 branches of the dungeon, and saw 12 of its levels.

You collected 729 gold pieces.

Inventory:

Hand Weapons
 a - a +0 shortbow
 e - a +0 shortbow
 E - the +7 staff of the Meek {protect, meekguard}
   (You took it off an orc on level 7 of the Dungeon)

   It grants its wielder temporary protection when it strikes (+7 to AC).
   It provides extra protection to wielders with little health.
 M - a +1 arbalest of flaming
 N - a +0 vorpal triple crossbow (weapon)
Armour
 c - a +0 leather armour
 d - a +2 pair of boots (worn)
 n - an orb of energy
 y - +1 steam dragon scales (worn)
Jewellery
 l - a ring of protection from cold (left hand)
 p - an amulet of guardian spirit
 u - an amulet of reflection (around neck)
 A - a ring of protection from cold (right hand)
 D - an amulet of faith
 J - an amulet of regeneration
 K - a ring of positive energy
Wands
 g - a wand of iceblast (3)
 i - a wand of flame (18)
 j - a wand of digging (4)
 o - a wand of polymorph (10)
 z - a wand of acid (14)
Scrolls
 b - 6 scrolls of immolation
 h - 3 scrolls of blinking
 k - 7 scrolls of teleportation
 t - 3 scrolls of amnesia {unknown}
 w - a scroll of fog {unknown}
 C - a scroll of poison {unknown}
 F - a scroll of magic mapping {unknown}
 G - a scroll of silence {unknown}
 O - 2 scrolls of identify
Potions
 f - 5 potions of cancellation
 m - 7 potions of curing
 q - 3 potions of heal wounds
 r - 3 potions of haste
 s - 4 potions of lignification
 v - a potion of resistance
 x - a potion of magic {unknown}
 B - 2 potions of degeneration
 H - a potion of brilliance
 I - a potion of berserk rage
 L - a potion of might


   Skills:
 - Level 10.2 Fighting
 * Level 12.6 Ranged Weapons
 - Level 5.8 Armour
 - Level 9.6 Dodging
 - Level 12.7 Stealth


You had 10 spell levels left.
You didn't know any spells.
Your spell library contained the following spells:

 Spells                   Type           Power      Damage    Failure   Level
 Magic Dart               Conj           0%         1d3       34%         1
 Sandblast                Erth           0%         2d4       34%         1
 Ensorcelled Hibernation  Hex/Ice        0%         N/A       47%         2
 Passwall                 Tmut/Erth      0%         N/A       47%         2
 Static Discharge         Conj/Air       0%         3-3/arc   47%         2
 Mephitic Cloud           Conj/Pois/Air  0%         N/A       71%         3
 Stone Arrow              Conj/Erth      0%         3d7       71%         3
 Swiftness                Air            0%         N/A       71%         3
 Dispel Undead            Necr           0%         3d6       98%         4
 Sticky Flame             Conj/Fire      0%         2d3       98%         4
 Lehudib's Crystal Spear  Conj/Erth      0%         10d2      100%        8
 Call Imp                 Summ           Unusable   N/A       N/A         2
 Animate Armour           Summ/Erth      Unusable   N/A       N/A         4

Dungeon Overview and Level Annotations

Branches:
Dungeon (10/15)            Temple (1/1) D:4            Lair (1/6) D:10
    Orc: D:9-12

Altars:
Ashenzari
Cheibriados
Dithmenos
Elyvilon
Fedhas
Gozag
Hepliaklqana
Kikubaaqudgha
Makhleb
Nemelex Xobeh
Okawaru
Qazlal
Ru
Sif Muna
Trog
Uskayaw
Vehumet
Wu Jian
Xom
Yredelemnul
Zin
The Shining One

Shops:
D:4 ?   D:6 *

Annotations:
D:3 Grinder
D:7 1 runed translucent door, 8bitpickle's ghost, novice GrCj


Innate Abilities, Weirdness & Mutations

You are small and have problems with some larger weapons.
You are completely attuned to the shadows.
You have a pair of small horns on your head.
You occasionally lose the ability to drink potions when taking damage.
You expend magic power (3 MP) to strengthen your wands.


Message History

The bolt hits the komodo dragon but does no damage.
You shoot a bolt. The bolt hits the komodo dragon!!
The komodo dragon is severely wounded.
The komodo dragon bites you! x2
You shoot a bolt.
The bolt closely misses the komodo dragon.
The komodo dragon bites you!
You are too injured to fight recklessly!
You are too injured to fight recklessly!
You are too injured to fight recklessly!
Fire: N) +0 triple crossbow (vorpal)
Press: ? - help, Q - select action, (/) - cycle Shift-Dir - straight line, f/p - komodo dragon
Aim: a komodo dragon (severely wounded, 74% to hit)
You shoot a bolt. The bolt hits the komodo dragon.
The komodo dragon is almost dead.
The komodo dragon closely misses you.
The komodo dragon bites you but does no damage.
Fire: N) +0 triple crossbow (vorpal)
Press: ? - help, Q - select action, (/) - cycle Shift-Dir - straight line, f/p - komodo dragon
Aim: a komodo dragon (almost dead, 74% to hit)
You shoot a bolt.
The bolt barely misses the komodo dragon.
The komodo dragon barely misses you.
Fire: N) +0 triple crossbow (vorpal)
Press: ? - help, Q - select action, (/) - cycle Shift-Dir - straight line, f/p - komodo dragon
Aim: a komodo dragon (severely wounded, 74% to hit)
You shoot a bolt. The bolt hits the komodo dragon.
The komodo dragon is almost dead.
The komodo dragon bites you!!
You feel threatened and lose the ability to drink potions!
* * * LOW HITPOINT WARNING * * *
The komodo dragon closely misses you.
Fire: N) +0 triple crossbow (vorpal)
Press: ? - help, Q - select action, (/) - cycle Shift-Dir - straight line, f/p - komodo dragon
Aim: a komodo dragon (almost dead, 74% to hit)
You shoot a bolt.
The bolt barely misses the komodo dragon.
The komodo dragon completely misses you.
The komodo dragon bites you!!
You die...

#.....# ###..###
##....# ##.##
#....# #..#
#....########†#
#.....##..###.####
##..........†......
#..................
##.................
#@................
#l...#############
#....# # #..... ..
...... .. ..


You could see a komodo dragon.

Vanquished Creatures
  A hydra (Lair:1)
  An obsidian statue (D:10)
  A rime drake (Lair:1)
  A troll (D:9)
  A polar bear (Lair:1)
  A shadow (D:10)
  A vampire (D:9)
  9 yaks
  2 wyverns (D:10)
  A basilisk (D:10)
  2 steam dragons
  Menkaure (D:5)
  An acid dragon (D:10)
  6 water moccasins
  3 black bears
  3 orc warriors
  3 ice beasts
  3 wolves (D:10)
  7 centaurs
  A phantom (D:6)
  3 bullfrogs
  4 kobold brigands
  5 scorpions
  5 wights (D:9)
  4 killer bees (D:10)
  2 howler monkeys
  4 hounds
  2 jellies
  4 orc priests
  2 iguanas
  5 orc wizards
  4 gnolls
  7 adders
  3 white imps
  An ufetubus (D:5)
  2 worms
  5 dart slugs
  33 orcs
  7 ball pythons
  5 bats
  6 endoplasms
  2 giant cockroaches
  4 goblins
  6 hobgoblins
  A jackal (D:2)
  4 frilled lizards
  20 kobolds
  4 rats
203 creatures vanquished.

Vanquished Creatures (others)
  A kobold brigand (D:7)
  2 fungi (D:10)
  10 plants (D:10)
13 creatures vanquished.

Grand Total: 216 creatures vanquished

Notes
Turn   | Place    | Note
-------+----------+-------------------------------------------
     0 | D:1      | reriks the Kobold Hunter began the quest for the Orb.
     0 | D:1      | Reached XP level 1. HP: 12/12 MP: 1/1
   288 | D:1      | Reached XP level 2. HP: 13/18 MP: 2/2
  1549 | D:1      | Reached XP level 3. HP: 22/22 MP: 3/3
  2749 | D:2      | Found a faded altar of an unknown god.
  2840 | D:2      | Reached XP level 4. HP: 27/27 MP: 4/4
  3587 | D:3      | Reached XP level 5. HP: 23/32 MP: 5/5
  4503 | D:3      | Noticed Grinder
  4505 | D:3      | Paralysed by Grinder for 5 turns
  4871 | D:4      | Found Qatypt's Magic Scroll Shop.
  5043 | D:4      | Found a sparkling altar of Nemelex Xobeh.
  5263 | D:4      | Gained mutation: You expend magic power (3 MP) to
                  | strengthen your wands. [potion of mutation]
  5263 | D:4      | Gained mutation: You occasionally lose the ability to drink
                  | potions when taking damage. [potion of mutation]
  5263 | D:4      | Gained mutation: You have a pair of small horns on your
                  | head. [potion of mutation]
  5370 | D:4      | Found a staircase to the Ecumenical Temple.
  5377 | D:4      | Reached XP level 6. HP: 28/37 MP: 6/6
  5382 | Temple   | Entered the Ecumenical Temple
  5573 | Temple   | Became a worshipper of Warmaster Okawaru
  5750 | D:4      | Found a shimmering blue altar of Sif Muna.
  5760 | D:4      | Noticed a black bear
  5833 | D:4      | Killed a black bear
  6696 | D:5      | Entered Level 5 of the Dungeon
  6764 | D:5      | Reached XP level 7. HP: 42/42 MP: 7/7
  7168 | D:5      | Reached skill level 10 in Ranged Weapons
  7168 | D:5      | Reached skill level 10 in Stealth
  7168 | D:5      | Reached XP level 8. HP: 55/55 MP: 8/8
  7357 | D:5      | Reached * piety under Okawaru
  7384 | D:5      | Noticed Menkaure
  7391 | D:5      | Killed Menkaure
  7610 | D:5      | Found a radiant altar of Vehumet.
  7611 | D:5      | Found an ancient bone altar of Kikubaaqudgha.
  8267 | D:6      | Reached XP level 9. HP: 57/60 MP: 9/9
  8547 | D:6      | Reached ** piety under Okawaru
  9068 | D:6      | Found Zin's Purification Station.
  9070 | D:6      | Found a glowing silver altar of Zin.
  9648 | D:6      | Found a shimmering altar of Xom.
  9650 | D:6      | Found a sacrificial altar of Ru.
 10210 | D:7      | Found an ornate altar of the Wu Jian Council.
 10497 | D:7      | Found a runed translucent door.
 10500 | D:7      | Noticed 8bitpickle's ghost (novice GrCj)
 10694 | D:7      | Reached XP level 10. HP: 61/66 MP: 10/10
 11345 | D:8      | Noticed a two-headed ogre
 11440 | D:8      | Noticed a two-headed ogre
 11758 | D:8      | Reached *** piety under Okawaru
 11989 | D:8      | Reached skill level 5 in Armour
 13334 | D:9      | Reached **** piety under Okawaru
 14660 | D:10     | Entered Level 10 of the Dungeon
 14666 | D:10     | Reached XP level 11. HP: 72/72 MP: 11/11
 15109 | D:10     | Reached ***** piety under Okawaru
 15330 | D:10     | Found a staircase to the Lair.
 15547 | D:10     | Noticed an obsidian statue
 15558 | D:10     | Noticed a soul eater
 15561 | D:10     | Killed an obsidian statue
 15562 | D:10     | Reached skill level 10 in Fighting
 16056 | Lair:1   | Entered Level 1 of the Lair of Beasts
 16111 | Lair:1   | Noticed a seven-headed hydra
 16115 | Lair:1   | Killed a seven-headed hydra
 16115 | Lair:1   | Received a gift from Okawaru
 16459 | Lair:1   | Mangled by a komodo dragon

Illustrated notes

Levels and vault maps discovered:
D:1:      psy_arrival_radial01, layout_basic, st_stairs_1, grunt_decor_cap
D:2:      minmay_chambers_of_ones, layout_basic,
          ebering_ecumenical_altar_abandoned, minmay_pentomino_p4
D:3:      layout_basic, minmay_misc_feat_pillars, uniq_grinder
D:4:      layout_gridville, old_standard_altar, mainiacjoe_overflow_boulevard,
          minmay_temple_entry_proselytizer, serial_shops, nicolae_stop_n_shop_2
D:5:      layout_basic, nicolae_overflow_squiral, uniq_menkaure
D:6:      layout_basic, minitemple, zin_purify, minmay_joined_circles
D:7:      layout_basic, nicolae_overflow_crystal_walls,
          ebering_ghost_reflecting_pool
D:8:      layout_loops_corners
D:9:      layout_basic
D:10:     layout_cross, minmay_lair_entry_grove, minmay_statue_bubble
Temple:   eino_temple_lava
Lair:1:   layout_long_grid, grunt_megastairs_2, lemuel_fruit_tree, uniq_joseph

Skill      XL: |  1  2  3  4  5  6  7  8  9 10 11 |
---------------+----------------------------------+-----
Stealth        | 2 3 4 10 11 12 | 12.7
Dodging        | 3 4 7 8 9 |  9.6
Ranged Weapons | 6 7 10 11 12 | 12.6
Fighting       | 3 8 9 10 | 10.2
Armour         | 3 4 5 |  5.8

Action                   |  1- 3 |  4- 6 |  7- 9 | 10-12 || total
-------------------------+-------+-------+-------+-------++-------
 Fire: Shortbow          |    96 |   135 |   286 |   176 ||   693
       Arbalest          |       |       |       |    97 ||    97
       Triple crossbow   |       |       |       |    25 ||    25
Evoke: Wand              |       |       |       |     2 ||     2
  Use: Scroll            |       |     7 |     3 |    12 ||    22
       Potion            |       |     5 |     1 |     1 ||     7
Armor: Leather armour    |     4 |    25 |    21 |       ||    50
       Steam dragon scal |       |       |    14 |    36 ||    50
Dodge: Dodged            |    40 |   106 |   125 |   228 ||   499
Block: Other             |       |       |    25 |    55 ||    80
       Reflection        |       |       |     2 |     4 ||     6

Table legend: (Time is in decaauts)
 A = Elapsed time spent in this place.
 B = Non-inter-level travel time spent in this place.
 C = Inter-level travel time spent in this place.
 D = Time resting spent in this place.
 E = Time spent auto-exploring this place.
 F = Levels seen in this place.
 G = Mean time per level.
                   A        B        C        D        E       F      G
               +--------+--------+--------+--------+--------+-----+--------+
         Total |  16569 |  16098 |    471 |   6356 |   7884 |  12 | 1380.8 |
       Dungeon |  15947 |  15484 |    463 |   6190 |   7557 |  10 | 1594.7 |
        Temple |    200 |    192 |      8 |      0 |    161 |   1 |  200.0 |
          Lair |    421 |    421 |      0 |    166 |    166 |   1 |  421.0 |
               +--------+--------+--------+--------+--------+-----+--------+

Top non-repeatable levels by time:
     D:1: 1974 daAuts
     D:2: 1748 daAuts
     D:8: 1719 daAuts
     D:6: 1679 daAuts
     D:5: 1564 daAuts
     D:7: 1518 daAuts
     D:9: 1496 daAuts
     D:4: 1485 daAuts
    D:10: 1417 daAuts
     D:3: 1341 daAuts
  Lair:1: 421 daAuts
  Temple: 200 daAuts
